 Dungeon Crawl Stone Soup version 0.17-a0-968-gf8e1f1d (webtiles) character file.

298598 laxity the Eclecticist (level 20, -1/117 HPs)
             Began as a Deep Elf Fire Elementalist on May 9, 2015.
             Was the Champion of Vehumet.
             Slain by a fire giant
             ... wielding a +1 great sword of flaming
              (12 damage)
             ... on level 2 of the Vaults.
             The game lasted 04:12:18 (85749 turns).

laxity the Eclecticist (DEFE)                      Turns: 85749, Time: 04:12:18

Health: -1/117     AC: 13    Str:  5      XL:     20   Next: 13%
Magic:  22/46      EV: 18    Int: 33      God:    Vehumet [******]
Gold:   2919       SH:  0    Dex: 14 (15) Spells: 9 memorised, 9 levels left

rFire  . . .     SeeInvis +     y - +2 dagger of the Philosopher {holy, rElec rPois Int+3 Stlth+}
rCold  + . .     Clarity  .     l - +2 robe {rC+}
rNeg   . . .     SustAb   .     (no shield)
rPois  +         Gourm    +     V - +0 helmet
rElec  +         Spirit   .     (no cloak)
rCorr  .         Warding  .     (no gloves)
rMut   .         Stasis   .     J - +0 pair of boots {run}
MR     +++..                    Z - amulet of the gourmand
Stlth  +++.......               Q - ring of see invisible
                                C - ring of protection from magic

@: quick, extremely resistant to hostile enchantments, fairly stealthy
A: hooves 1, iridescent scales 1, yellow scales 1, deterioration 1, poison
resistance
a: Renounce Religion
}: 2/15 runes: decaying, serpentine


You were on level 2 of the Vaults.
You worshipped Vehumet.
Vehumet was exalted by your worship.
You were completely stuffed.

You visited 8 branches of the dungeon, and saw 39 of its levels.
You also visited: Ossuary.

You collected 4468 gold pieces.
You spent 1549 gold pieces at shops.

Inventory:

Hand weapons
 y - the +2 dagger of the Philosopher (weapon) {holy, rElec rPois Int+3 Stlth+}
   (You found it on level 10 of the Dungeon)

   It has been blessed by the Shining One to cause great damage to the undead
   and demons.
   It affects your intelligence (+3).
   It insulates you from electricity.
   It protects you from poison.
   It makes you more stealthy.
 M - a +9 quick blade of freezing
Armour
 b - a +6 mottled dragon armour
 i - a +0 robe of fire resistance
 l - a +2 robe of cold resistance (worn)
 J - a +0 pair of boots of running (worn)
 V - a +0 helmet (worn)
Magical staves
 s - an uncursed staff of air
 R - an uncursed staff of conjuration
Jewellery
 C - a ring of protection from magic (left hand)
 Q - a ring of see invisible (right hand)
 T - an uncursed ring of protection from fire
 Z - an amulet of the gourmand (around neck)
Magical devices
 k - a wand of flame (28)
 m - a wand of hasting (2)
 n - a wand of slowing (10)
 p - a wand of disintegration (0)
 x - a wand of fire (1)
 z - a wand of teleportation (6)
 B - a wand of flame (17)
 F - a wand of flame (24)
 N - a wand of magic darts (11)
 Y - a wand of disintegration (1)
Scrolls
 d - 5 scrolls of remove curse
 h - 6 scrolls of fog
 o - 4 scrolls of teleportation
 v - a scroll of amnesia
 G - 2 scrolls of magic mapping
 L - 6 scrolls of identify
Potions
 a - a potion of might
 e - 4 potions of resistance
 g - 2 potions of cancellation
 q - 4 potions of curing
 r - 6 potions of ambrosia
 t - 2 potions of haste
 u - 5 potions of flight
 D - 4 potions of brilliance
 K - 4 potions of heal wounds
Books
 j - Eluon's Tome of Poison and Transformation
   (You found it on level 1 of the Vaults)

   Spells                             Type                      Level
   a - Cure Poison                    Poison                       2
   b - Sticks to Snakes               Transmutation                2
   c - Spider Form                    Transmutation/Poison         3
   d - Olgreb's Toxic Radiance        Poison                       4
   e - Venom Bolt                     Conjuration/Poison           5
 I - a book of Debilitation

   Spells                             Type                      Level
   a - Corona                         Hexes                        1
   b - Slow                           Hexes                        2
   c - Gell's Gravitas                Hexes/Translocation          3
   d - Inner Flame                    Hexes/Fire                   3
   e - Cause Fear                     Hexes                        4
   f - Leda's Liquefaction            Hexes/Earth                  4
Comestibles
 c - 17 bread rations
 f - 17 meat rations
 w - a royal jelly
 A - 2 beef jerkies
 E - a slice of pizza
 H - a chunk of flesh
 O - 16 fruits


   Skills:
 - Level 10.0 Fighting
 - Level 8.2 Short Blades
 - Level 6.0 Armour
 - Level 10.0 Dodging
 - Level 2.4 Stealth
 + Level 20.0 Spellcasting
 + Level 19.4 Conjurations
 - Level 10.1 Charms
 - Level 1.2 Translocations
 + Level 19.5 Fire Magic
 - Level 8.3 Air Magic
 - Level 4.0 Evocations


You had 9 spell levels left.
You knew the following spells:

 Your Spells              Type           Power        Failure   Level  Hunger
a - Fireball              Conj/Fire      ########..   0%          5    None
b - Lightning Bolt        Conj/Air       #######...   1%          5    None
c - Bolt of Fire          Conj/Fire      ########..   1%          6    None
d - Sticky Flame          Conj/Fire      ########     0%          4    None
e - Tornado               Air            ######....   100%        9    ######.
f - Static Discharge      Conj/Air       #######.     0%          3    None
g - Blink                 Tloc           N/A          1%          2    None
i - Ring of Flames        Chrm/Fire      #######...   1%          7    ##.....
j - Fire Storm            Conj/Fire      ########..   7%          9    ######.


Dungeon Overview and Level Annotations

Branches:
Dungeon (14/15)            Temple (1/1) D:5            Lair (8/8) D:8
  Swamp (4/4) Lair:3        Snake (4/4) Lair:3        Slime (0/6) Lair:6
    Orc (4/4) D:12            Elf (2/3) Orc:3        Vaults (2/5) D:14
  Crypt: Vaults:2-3

Altars:
Ashenzari
Cheibriados
Dithmenos
Elyvilon
Fedhas
Gozag
Kikubaaqudgha
Makhleb
Nemelex Xobeh
Okawaru
Qazlal
Ru
Sif Muna
Trog
Vehumet
Xom
Yredelemnul
Zin
The Shining One
Beogh
Lugonu

Shops:
D:10 =   D:13 (   Orc:4 *%%*   Elf:1 %   Elf:2 (=*   Vaults:2 ![[!

Annotations:
D:8 exclusion: 2 oklob saplings
D:9 exclusion: oklob plant


Innate Abilities, Weirdness & Mutations

You have large cloven feet.
You are partially covered in iridescent scales (AC +4).
You are partially covered in yellow scales (AC +2).
Your body sometimes deteriorates upon taking damage.
Your system is resistant to poisons.


Message History

You hear a mighty clap of thunder!
The bolt of lightning hits the fire giant.
The fire giant is moderately wounded.
You hear a shout!
The fire giant points at you and mumbles some strange words.
The fireball explodes!
The fireball engulfs you!
* * * LOW HITPOINT WARNING * * *
The fireball engulfs the fire giant.
The fire giant resists.
Casting: Lightning Bolt
Confirm with . or Enter, or press ? or * to list all spells.
Aiming: Lightning Bolt
Press: ? - help, Shift-Dir - straight line, f/p - fire giant
Aim: a fire giant, wielding a great sword of flaming (moderately wounded)
You hear a mighty clap of thunder!
The bolt of lightning hits the fire giant.
The fire giant is almost dead.
The fire giant hits you with a great sword of flaming!!
* * * LOW HITPOINT WARNING * * *
The fire giant burns you!
You die...

#...8...8...# #.......# #.#..#
#...........# #.......# #.#...
#########'#####.......# #.#...
#......##''#'##.# #.#...
#..(...##....##.# #.#...
#.....#'#....##.# #.####
#.....##.....##.# #.....
#....#'#C[...##.# #.....
#....##@.....##.# #...##
#######'##'##......##.###.[.#.
#..#.....#..######[##...[.[.#.
#..'.....#..# #.[.....[...#.
####..#.....#..#
#...........#.
...#..#.....#..#
#...........#.
...#..#.....#..#
#...........##
#..#..#######..#
#............[
#..#...........#
#.............


You could see a fire giant.

Vanquished Creatures
  the Lernaean hydra (Swamp:4)
  Rupert (Lair:4)
  A thorn hunter (Swamp:1)
  Kirke (Swamp:2)
  A fire giant (Vaults:2)
  11 greater nagas
  5 vault wardens
  Maud (Orc:4)
  2 deep elf sorcerers
  2 ironheart preservers
  A very ugly thing (Swamp:4)
  Nessos (Orc:3)
  Snorg (D:10)
  An ettin (Orc:1)
  A deep elf death mage (Elf:2)
  8 vault guards
  A rakshasa (Vaults:1)
  2 great orbs of eyes
  2 fire dragons
  2 yaktaur captains (Vaults:1)
  The ghost of hyperkellhus the Basher, a powerful CeNe of Kikubaaqudgha (Lair:1)
  Fannar (D:11)
  2 catoblepae
  Erolcha (D:11)
  22 hydras
  12 naga warriors
  3 ghost crabs (Swamp:4)
  2 centaur warriors
  A salamander stormcaller (Vaults:2)
  10 alligators
  10 anacondas
  4 ogre magi
  6 orc high priests (Orc:4)
  12 naga sharpshooters
  10 death yaks
  A soul eater (Vaults:1)
  9 shock serpents
  11 deep elf knights
  2 salamander mystics
  11 spriggans
  2 unseen horrors
  The ghost of Gorice the Thaumaturge, an experienced DEWn of Sif Muna (D:8)
  5 skeletal warriors (Vaults:2)
  2 spriggan druids (Swamp:4)
  An unseen horror (shapeshifter) (D:14)
  4 deep trolls (Vaults:2)
  10 naga ritualists
  2 wizards (Vaults:2)
  8 ironbrand convokers
  2 shadow wraiths
  8 deep elf conjurers
  2 ice statues (Snake:3)
  12 sea snakes
  2 shambling mangroves
  10 orc knights
  Pikel (D:6)
  11 deep elf summoners
  8 hill giants
  An ice devil (Elf:1)
  An orc sorcerer (Orc:4)
  10 swamp dragons
  2 wolf spiders
  4 griffons
  30 ugly things
  3 hornets
  12 mana vipers
  5 cyclopes
  5 manticores
  A draconian (shapeshifter) (Vaults:1)
  3 oklob plants
  10 guardian serpents
  41 black mambas
  15 salamanders
  4 vault sentinels (Vaults:2)
  11 elephants
  A torpor snail (Lair:8)
  6 fire drakes
  18 spiny frogs
  11 yaktaurs
  An elf (shapeshifter) (Vaults:2)
  19 naga magi
  12 deep elf priests
  20 komodo dragons
  2 kobold demonologists (D:14)
  12 two-headed ogres
  2 trolls
  14 ravens
  4 giant leeches
  2 jumping spiders
  2 boulder beetles
  18 bog bodies
  16 slime creatures
  2 trapdoor spider zombies
  A trapdoor spider (D:12)
  4 wandering mushrooms (D:8)
  29 blink frogs
  A shadow (Swamp:3)
  6 wyverns
  A redback (Lair:4)
  The ghost of Yermak the Sneak, an average FeEE (D:6)
  26 deep elf magi
  3 wraiths
  22 deep elf fighters
  65 yaks
  2 basilisks
  42 vampire mosquitoes
  7 hippogriffs
  A hog (Swamp:3)
  4 wargs
  30 water moccasins
  A steam dragon (D:14)
  2 mottled dragons (D:12)
  69 nagas
  13 insubstantial wisps
  25 swamp worms
  50 orc warriors
  7 wolves
  12 swamp drakes
  An eye of draining (D:14)
  Duvessa (D:5)
  2 slaves (D:6)
  12 ice beasts
  2 spiders (Lair:4)
  5 phantoms
  32 ogres
  14 porcupines
  6 centaurs
  A tengu (shapeshifter) (Elf:2)
  5 boggarts
  A boggart (shapeshifter) (Elf:1)
  A necrophage (D:7)
  10 wasps
  2 sky beasts
  18 crocodiles
  A wyvern zombie (D:10)
  A big kobold (D:7)
  A brain worm (Lair:4)
  Blork the orc (D:5)
  36 giant frogs
  Dowan (D:5)
  9 scorpions
  17 killer bees
  16 wights
  5 electric eels
  A quasit (D:7)
  3 centaur zombies
  3 giant frog zombies
  2 centaur skeletons
  A yaktaur simulacrum (Vaults:1)
  44 orc priests
  3 giant frog skeletons
  12 iguanas
  12 jellies
  4 crimson imps
  7 hounds
  A hell rat (Elf:1)
  29 orc wizards
  13 worker ants
  21 sheep
  A hound zombie (D:5)
  9 mummies
  7 gnolls
  A hound skeleton (D:8)
  A worker ant zombie (D:8)
  85 river rats
  7 shadow imps
  16 adders
  12 oozes
  2 adder skeletons
  6 worms
  6 giant geckos
  198 orcs
  17 bats
  2 bat skeletons
  2 bat zombies
  7 giant cockroaches
  2 gnoll zombies (D:8)
  29 goblins
  25 hobgoblins
  15 jackals
  31 kobolds
  8 quokkas
  3 ball pythons
  2 giant gecko skeletons
  3 giant newts
  6 hobgoblin zombies
  A jackal zombie (D:6)
  2 kobold zombies (Ossuary)
  2 orc zombies (Ossuary)
  A quokka zombie (D:7)
  14 rats
  3 ballistomycetes
  9 bushes
  2 crawling corpses (Elf:2)
  4 fungi
  12 plants
1922 creatures vanquished.

Vanquished Creatures (collateral kills)
  An ugly thing (Vaults:2)
  A sheep (Vaults:2)
2 creatures vanquished.

Vanquished Creatures (others)
  9 fire vortices (Vaults:2)
  3 humans
  A slave (D:6)
  An orc priest (D:6)
  A hell rat (Elf:1)
  A kobold (D:6)
  2 giant spores
  A ballistomycete (D:12)
  20 fungi
  13 plants
52 creatures vanquished.

Grand Total: 1976 creatures vanquished

Notes
Turn   | Place    | Note
--------------------------------------------------------------
     0 | D:1      | laxity, the Deep Elf Fire Elementalist, began the quest for the Orb.
     0 | D:1      | Reached XP level 1. HP: 10/10 MP: 6/6
   201 | D:1      | Reached XP level 2. HP: 15/15 MP: 5/8
   205 | D:1      | Learned a level 2 spell: Throw Flame
  1043 | D:2      | Reached XP level 3. HP: 12/19 MP: 6/10
  1051 | D:2      | Learned a level 3 spell: Conjure Flame
  1106 | D:2      | Found a sacrificial altar of Ru.
  1265 | D:2      | Found a shattered altar of Ashenzari.
  1276 | D:2      | Reached skill level 4 in Spellcasting
  1795 | D:3      | Found a shimmering altar of Xom.
  1807 | D:3      | Found an iron altar of Okawaru.
  1941 | D:3      | Found a shimmering altar of Xom.
  1987 | D:3      | Reached skill level 1 in Short Blades
  1987 | D:3      | Reached XP level 4. HP: 24/24 MP: 2/12
  2542 | D:3      | Reached XP level 5. HP: 28/28 MP: 12/14
  3252 | D:3      | Found a shimmering altar of Xom.
  3263 | D:3      | Found a shimmering altar of Xom.
  3308 | D:4      | Learned a level 4 spell: Sticky Flame
  3589 | D:4      | Reached skill level 5 in Spellcasting
  3589 | D:4      | Reached skill level 5 in Fire Magic
  3696 | D:4      | Reached XP level 6. HP: 32/32 MP: 8/16
  3839 | D:4      | Found a shadowy altar of Dithmenos.
  3843 | D:4      | Noticed an ogre
  3847 | D:4      | Killed an ogre
  4231 | D:4      | Reached skill level 6 in Spellcasting
  4375 | D:4      | Reached XP level 7. HP: 23/36 MP: 8/18
  4859 | D:4      | Reached skill level 5 in Conjurations
  4890 | D:5      | Entered Level 5 of the Dungeon
  5052 | D:5      | Found a staircase to the Ecumenical Temple.
  5070 | D:5      | Noticed Blork the orc
  5099 | D:5      | Found a sand-covered staircase.
  5106 | Ossuary  | Entered an ossuary
  5510 | Ossuary  | Learned a level 5 spell: Fireball
  6052 | D:5      | Killed Blork the orc
  6052 | D:5      | Reached skill level 7 in Spellcasting
  6175 | D:5      | Reached skill level 1 in Fighting
  6175 | D:5      | Reached XP level 8. HP: 41/43 MP: 15/20
  6181 | D:5      | Gained mutation: You have an increased reservoir of magic (+10% MP). [mutagenic meat]
  6182 | D:5      | Gained mutation: You are partially covered in iridescent scales (AC +4). [mutagenic meat]
  6183 | D:5      | Gained mutation: You are resistant to hostile enchantments. [mutagenic meat]
  6184 | D:5      | Gained mutation: You have large cloven feet. [mutagenic meat]
  6185 | D:5      | Gained mutation: Your system is resistant to poisons. [mutagenic meat]
  6186 | D:5      | Gained mutation: You are partially covered in yellow scales (AC +2). [mutagenic meat]
  6235 | D:5      | Found a sparkling altar of Nemelex Xobeh.
  6359 | D:5      | Noticed Duvessa
  6360 | D:5      | Noticed Dowan
  6371 | D:5      | Killed Duvessa
  6463 | D:5      | Killed Dowan
  6706 | D:5      | Found a burning altar of Makhleb.
  6806 | D:5      | Found a glowing golden altar of the Shining One.
  6889 | Temple   | Entered the Ecumenical Temple
  6924 | Temple   | Became a worshipper of Vehumet
  7304 | D:4      | Found an ancient bone altar of Kikubaaqudgha.
  7321 | D:4      | Noticed an ogre
  7326 | D:4      | Killed an ogre
  7471 | D:4      | Acquired Vehumet's first power
  7471 | D:4      | Offered knowledge of Sandblast by Vehumet.
  8008 | D:6      | Reached skill level 8 in Spellcasting
  8072 | D:6      | Found a stormy altar of Qazlal.
  8079 | D:6      | Found a blossoming altar of Fedhas.
  8110 | D:6      | Noticed Yermak's ghost (average FeEE)
  8247 | D:5      | Reached XP level 9. HP: 49/49 MP: 15/25
  8353 | D:6      | Killed Yermak's ghost
  8540 | D:6      | Noticed Pikel
  8563 | D:6      | Killed Pikel
  8955 | D:6      | Reached skill level 9 in Spellcasting
  9103 | D:6      | Offered knowledge of Freeze by Vehumet.
  9560 | D:7      | Reached skill level 5 in Short Blades
 10027 | D:7      | Reached XP level 10. HP: 57/57 MP: 17/28
 10115 | D:7      | Offered knowledge of Static Discharge by Vehumet.
 10120 | D:7      | Learned a level 3 spell: Static Discharge
 10665 | D:7      | Acquired Vehumet's second power
 10721 | D:7      | Reached skill level 1 in Air Magic
 10983 | D:7      | Offered knowledge of Fulminant Prism by Vehumet.
 10985 | D:7      | Reached skill level 10 in Spellcasting
 11161 | D:8      | Noticed Gorice's ghost (experienced DEWn)
 11653 | D:8      | Noticed an elephant
 11662 | D:8      | Killed an elephant
 11662 | D:8      | Reached skill level 5 in Fighting
 11832 | D:8      | Found a staircase to the Lair.
 12191 | D:8      | Killed Gorice's ghost
 12397 | D:8      | Acquired Vehumet's third power
 12503 | D:8      | Found a basalt altar of Yredelemnul.
 12793 | D:8      | Found a blossoming altar of Fedhas.
 12809 | D:8      | Reached XP level 11. HP: 64/64 MP: 16/29
 13170 | D:8      | Got an ichor-stained lajatang
 13171 | D:8      | Identified the cursed +3 lajatang of Due Proportion {drain, rPois MR+ MP-9 Stlth-} (You found it on level 8 of the Dungeon)
 13322 | D:9      | Found a snail-covered altar of Cheibriados.
 13345 | D:9      | Reached skill level 5 in Dodging
 13553 | D:9      | Found a glowing silver altar of Zin.
 13683 | D:9      | Offered knowledge of Irradiate by Vehumet.
 14726 | D:10     | Entered Level 10 of the Dungeon
 14907 | D:10     | Found Beanwati's Jewellery Boutique.
 14914 | D:10     | Noticed a hill giant
 14926 | D:10     | Killed a hill giant
 14926 | D:10     | Reached skill level 10 in Fire Magic
 15116 | D:10     | Noticed a hill giant
 15138 | D:9      | Killed a hill giant
 15138 | D:9      | Reached skill level 5 in Air Magic
 15388 | Lair:1   | Entered Level 1 of the Lair of Beasts
 15567 | Lair:1   | Noticed hyperkellhus's ghost (powerful CeNe)
 16743 | Lair:1   | Killed hyperkellhus's ghost
 17248 | Lair:2   | Reached skill level 1 in Armour
 17612 | Lair:2   | Offered knowledge of Iskenderun's Battlesphere by Vehumet.
 17615 | Lair:2   | Reached XP level 12. HP: 68/72 MP: 8/30
 18208 | Lair:2   | Reached skill level 11 in Fire Magic
 19585 | Lair:3   | Found a staircase to the Snake Pit.
 19881 | Lair:3   | Found a shimmering altar of Xom.
 20425 | Lair:3   | Found a staircase to the Swamp.
 22404 | Lair:4   | Reached XP level 13. HP: 32/78 MP: 3/32
 22561 | Lair:4   | Learned a level 2 spell: Blink
 22567 | Lair:4   | Learned a level 5 spell: Iskenderun's Battlesphere
 23105 | Lair:4   | Found a hole to the Spider Nest.
 23161 | Lair:5   | Noticed Rupert
 23484 | Lair:5   | Reached skill level 1 in Translocations
 23912 | D:10     | Noticed Snorg
 24345 | D:10     | Killed Snorg
 24690 | D:11     | Offered knowledge of Lightning Bolt by Vehumet.
 24697 | D:11     | Learned a level 5 spell: Lightning Bolt
 25060 | D:11     | Reached skill level 10 in Dodging
 25091 | D:11     | Noticed Erolcha
 25100 | D:11     | Killed Erolcha
 25267 | D:11     | Noticed Fannar
 25272 | D:11     | Killed Fannar
 26747 | D:12     | Reached skill level 12 in Fire Magic
 27065 | D:12     | Found a staircase to the Orcish Mines.
 27357 | D:12     | Gained mutation: Your body sometimes deteriorates upon taking damage. [mutagenic meat]
 27359 | D:12     | Lost mutation: You have an increased reservoir of magic (+10% MP). [mutagenic meat]
 27360 | D:12     | Lost mutation: You are resistant to hostile enchantments. [mutagenic meat]
 28349 | Lair:4   | Reached skill level 5 in Armour
 28635 | Lair:4   | Killed Rupert
 29041 | Lair:5   | Offered knowledge of Conjure Ball Lightning by Vehumet.
 29041 | Lair:5   | Reached XP level 14. HP: 59/84 MP: 6/32
 29573 | Lair:5   | Reached skill level 10 in Conjurations
 30137 | D:10     | Got a dazzling dagger
 30138 | D:10     | Identified the +2 dagger of the Philosopher {holy, rElec rPois Int+3 Stlth+} (You found it on level 10 of the Dungeon)
 31315 | Lair:6   | Found a staircase to the Slime Pits.
 32361 | Lair:6   | Found a glowing golden altar of the Shining One.
 33127 | Lair:7   | Identified a scroll of acquirement
 33436 | Lair:7   | Reached skill level 13 in Spellcasting
 34503 | Lair:8   | Entered Level 8 of the Lair of Beasts
 35149 | Lair:8   | Offered knowledge of Bolt of Draining by Vehumet.
 36295 | Lair:8   | Reached skill level 1 in Evocations
 37274 | Lair:7   | Reached XP level 15. HP: 39/92 MP: 24/34
 38661 | Lair:8   | Reached skill level 10 in Fighting
 39281 | Lair:2   | Learned a level 9 spell: Fire Storm
 39472 | Orc:1    | Entered Level 1 of the Orcish Mines
 39472 | Orc:1    | Found a radiant altar of Vehumet.
 39932 | Orc:1    | Reached skill level 14 in Spellcasting
 40310 | Orc:2    | Offered knowledge of Bolt of Fire by Vehumet.
 40942 | Orc:2    | Found a bloodstained altar of Trog.
 41127 | Orc:2    | Found a roughly hewn altar of Beogh.
 41596 | Orc:2    | Found a roughly hewn altar of Beogh.
 41906 | Orc:3    | Found a staircase to the Elven Halls.
 41909 | Orc:3    | Offered knowledge of Delayed Fireball by Vehumet.
 41925 | Orc:3    | Noticed Nessos
 42697 | Orc:3    | Killed Nessos
 43334 | Orc:4    | Entered Level 4 of the Orcish Mines
 43503 | Orc:4    | Noticed Maud
 43506 | Orc:4    | Killed Maud
 45265 | Orc:4    | Found a roughly hewn altar of Beogh.
 46113 | Orc:4    | Found Cuupn's Assorted Antiques.
 46116 | Orc:4    | Found Diwilete's Food Shop.
 46117 | Orc:4    | Found Teravoown's Assorted Antiques.
 46118 | Orc:4    | Found Vizareog's Food Boutique.
 46129 | Orc:4    | Bought a knobbly smoking staff for 300 gold pieces
 46134 | Orc:4    | Bought a large silver amulet for 125 gold pieces
 46805 | D:13     | Found Uzxoukk's Weapon Shoppe.
 47778 | D:14     | Offered knowledge of Spellforged Servitor by Vehumet.
 47853 | D:14     | Reached skill level 15 in Spellcasting
 48333 | D:14     | Found a gate to the Vaults.
 49253 | D:12     | Reached XP level 16. HP: 97/97 MP: 26/37
 49348 | Elf:1    | Entered Level 1 of the Elven Halls
 49601 | Elf:1    | Reached skill level 15 in Fire Magic
 50575 | Elf:1    | Identified the Disquisition on the Entourage
 50593 | Elf:1    | Learned a level 6 spell: Bolt of Fire
 50601 | Elf:1    | Learned a level 7 spell: Ring of Flames
 50614 | Elf:1    | Found Nojafoa's Food Shop.
 50726 | Elf:1    | Reached skill level 1 in Charms
 51136 | Elf:1    | Reached skill level 5 in Charms
 52117 | Elf:2    | Found Estyttirud's Assorted Antiques.
 52158 | Elf:2    | Found Aduoll's Antique Weapon Boutique.
 52362 | Elf:2    | Reached skill level 10 in Charms
 52783 | Elf:2    | Found Efruhupt's Jewellery Emporium.
 52791 | Elf:2    | Bought a cursed -2 ring of protection for 38 gold pieces
 52791 | Elf:2    | Bought an uncursed amulet of the gourmand for 570 gold pieces
 52974 | Elf:2    | Noticed a deep elf blademaster
 52990 | Elf:2    | Found a runed gate.
 52991 | Elf:2    | Found a runed gate.
 52995 | Elf:2    | Found a runed gate.
 53452 | Snake:1  | Entered Level 1 of the Snake Pit
 53646 | Snake:1  | Offered knowledge of Shatter by Vehumet.
 53646 | Snake:1  | Offered knowledge of Chain Lightning by Vehumet.
 53646 | Snake:1  | Offered knowledge of Tornado by Vehumet.
 54952 | Snake:1  | Reached skill level 16 in Fire Magic
 55876 | Snake:2  | Reached XP level 17. HP: 95/102 MP: 14/38
 57566 | Snake:3  | Found a frozen archway.
 59037 | Snake:4  | Entered Level 4 of the Snake Pit
 59677 | Snake:4  | Reached skill level 17 in Fire Magic
 60479 | Snake:3  | Reached skill level 15 in Conjurations
 62937 | Swamp:1  | Entered Level 1 of the Swamp
 63423 | Lair:2   | Learned a level 9 spell: Tornado
 64275 | Snake:4  | Reached XP level 18. HP: 54/107 MP: 3/41
 65996 | Snake:4  | Reached skill level 18 in Fire Magic
 66476 | Snake:4  | Got a serpentine rune of Zot
 70599 | Swamp:3  | Noticed Kirke
 70610 | Swamp:2  | Killed Kirke
 71631 | Swamp:3  | Got a transparent short sword
 71632 | Swamp:3  | Identified the +7 short sword of Doom {drain, Str+7} (You found it on level 3 of the Swamp)
 72457 | Swamp:4  | Entered Level 4 of the Swamp
 74521 | Swamp:4  | Reached XP level 19. HP: 112/112 MP: 23/43
 77013 | Swamp:4  | Noticed the 27-headed Lernaean hydra
 77016 | Swamp:4  | Killed the 27-headed Lernaean hydra
 77093 | Swamp:4  | Got a decaying rune of Zot
 77648 | Vaults:1 | Entered Level 1 of the Vaults
 78731 | Vaults:1 | Identified Eluon's Tome of Poison and Transformation
 79446 | Vaults:1 | Reached skill level 19 in Spellcasting
 84068 | Vaults:2 | Found Gamig's Armour Shoppe.
 84073 | Vaults:2 | Found Yphigre's Distillery.
 84084 | Vaults:2 | Bought a potion of heal wounds for 75 gold pieces
 84152 | Vaults:2 | Found Waphuid's Armour Shop.
 84619 | Vaults:2 | Bought a +0 pair of boots of running for 441 gold pieces
 84750 | Vaults:2 | Found Buklosoe's Distillery.
 84768 | Vaults:2 | Reached XP level 20. HP: 100/117 MP: 31/45
 85348 | Vaults:2 | Reached skill level 20 in Spellcasting
 85749 | Vaults:2 | Slain by a fire giant

Action                   |  1- 3 |  4- 6 |  7- 9 | 10-12 | 13-15 | 16-18 | 19-21 || total
-------------------------+-------+-------+-------+-------+-------+-------+-------++-------
Melee: Unarmed           |     1 |       |       |       |       |       |       ||     1
       Dagger            |       |       |    48 |     1 |    43 |   108 |    84 ||   284
       Short sword       |       |       |       |    77 |    59 |       |       ||   136
       Staff             |       |       |       |       |     1 |       |       ||     1
 Cast: Flame Tongue      |    35 |    66 |   270 |   333 |   231 |       |       ||   935
       Throw Flame       |    22 |    51 |   143 |   391 |   685 |     5 |       ||  1297
       Conjure Flame     |       |     1 |     4 |    15 |     4 |       |       ||    24
       Sticky Flame      |       |     1 |    12 |    56 |    98 |    25 |     7 ||   199
       Fireball          |       |       |       |    39 |   372 |   259 |    28 ||   698
       Static Discharge  |       |       |       |    16 |    17 |     3 |       ||    36
       Lightning Bolt    |       |       |       |       |    90 |   146 |    57 ||   293
       Iskenderun's Batt |       |       |       |       |     1 |       |       ||     1
       Bolt of Fire      |       |       |       |       |       |   483 |   307 ||   790
       Blink             |       |       |       |       |       |     3 |       ||     3
       Ring of Flames    |       |       |       |       |       |     2 |       ||     2
       Fire Storm        |       |       |       |       |       |       |     7 ||     7
Evoke: Wand              |       |       |       |       |     5 |    32 |     9 ||    46
  Use: Scroll            |       |       |       |    33 |    33 |    15 |     3 ||    84
       Potion            |       |       |       |       |    13 |    10 |     1 ||    24
 Stab: Petrified         |       |       |       |       |     1 |       |       ||     1
  Eat: Chunk             |     4 |     7 |    22 |    39 |    78 |    76 |    34 ||   260
       Fruit             |       |       |     1 |     4 |    10 |    12 |     2 ||    29
       Beef jerky        |       |       |     1 |       |     4 |     2 |     2 ||     9
       Pizza             |       |       |       |       |       |     1 |     1 ||     2
       Meat ration       |       |       |       |       |       |     1 |       ||     1
